Map: Croisement de Kairos EC

Players

Tyler - Winner!

  • Race: Terran Terran
  • Spawn Location: 11:00

IA (difficile)

  • Race: Terran Terran
  • Spawn Location: 5:00

VOD

Have the link to the VOD?

Description

Time

  • Played on: March 31, 2019, 8:43 a.m.
  • Length: 12:55
Show
View Real Time Build Order
Export as new Build Order

Tyler Terran - Winner!

Build Orders:  

Get SALT Encoding   

  12  0:01  SCV  
  13  0:13  SCV  
  14  0:19  Supply Depot  
  14  0:26  SCV  
  15  0:41  SCV  
  16  0:43  Barracks  
  16  0:53  SCV  
  17  1:04  Refinery  
  17  1:05  SCV  
  18  1:17  SCV  
  19  1:29  SCV  
  19  1:31  Supply Depot  
  20  1:42  SCV  
  20  1:44  Marine  
  22  1:54  SCV  
  23  2:03  Barracks Tech Lab  
  23  2:06  SCV  
  24  2:12  Command Center  
  23  2:22  Barracks  
  23  2:23  Orbital Command  
  23  2:30  Refinery  
  23  2:34  Marauder  
  25  2:41  Concussive Shells  
  25  2:55  Marauder  
  25  2:57  SCV  
  28  3:09  SCV  
  28  3:11  Supply Depot  
  29  3:14  Marine  
  29  3:16  Marine  
  31  3:28  Combat Shield  
  31  3:32  Marine  
  32  3:34  Marine  
  32  3:35  Supply Depot, SCV  
  32  3:36  SCV  
  35  3:47  Orbital Command  
  36  3:48  SCV  
  36  3:52  Marine  
  37  4:02  Barracks Reactor  
  37  4:09  SCV  
  38  4:10  Marine  
  38  4:15  SCV  
  40  4:21  Supply Depot  
  40  4:22  SCV  
  41  4:27  SCV  
  41  4:28  Barracks  
  42  4:39  SCV x2  
  42  4:41  Marauder  
  42  4:44  Supply Depot  
  42  4:45  Marine x2  
  48  4:48  Stimpack  
  48  4:51  SCV x2  
  50  5:02  Supply Depot, Marine, Marauder  
  50  5:03  SCV, Marine  
  55  5:15  SCV  
  55  5:16  SCV  
  55  5:20  Marine x2  
  59  5:24  Marauder  
  59  5:27  SCV  
  59  5:28  SCV  
  63  5:38  Marine  
  64  5:43  Barracks Reactor  
  64  5:45  Marauder  
  64  5:47  SCV  
  64  5:48  SCV  
  68  5:59  SCV  
  68  6:00  SCV  
  68  6:03  Command Center  
  70  6:07  Marauder, Barracks  
  70  6:09  Marine x2  
  74  6:26  Marine  
  74  6:27  Engineering Bay, Marine  
  74  6:28  Marauder  
  78  6:55  Barracks  
  78  7:02  Supply Depot x2  
  78  7:10  Barracks Tech Lab  
  78  7:15  Marauder, SCV x2, Marine x4  
  86  7:24  Supply Depot, Terran Infantry Weapons Level 1  
  86  7:26  Supply Depot  
  86  7:30  Command Center, Marine  
  86  7:32  Marine x4  
  86  7:35  Orbital Command  
  86  7:36  Marauder  
  93  7:41  SCV  
  93  7:42  SCV  
  95  7:45  Barracks  
  95  7:47  Supply Depot  
  95  7:48  Marine  
  95  7:50  Marine x2  
  98  7:53  SCV  
  98  7:54  SCV  
  98  7:58  Marauder  
  102  8:01  Supply Depot  
  103  8:05  SCV  
  103  8:06  Marine  
  103  8:07  SCV  
  103  8:08  Marine x2  
  107  8:18  Marine x2  
  107  8:19  Marauder, Barracks Reactor  
  111  8:24  Marine  
  111  8:26  Marine x2  
  114  8:36  Marine x2  
  114  8:39  SCV  
  114  8:40  SCV  
  114  8:41  Marauder  
  120  8:42  Marine  
  120  8:44  Marine x2  
  123  8:51  SCV  
  123  8:52  SCV  
  123  8:54  Marine x2  
  127  8:56  SCV  
  127  8:59  Orbital Command, Marine  
  127  9:01  Marine x2  
  127  9:02  Marauder  
  133  9:03  SCV  
  133  9:04  SCV  
  133  9:08  SCV  
  136  9:11  Marine  
  136  9:12  Marine x3  
  136  9:16  SCV  
  141  9:17  Marine  
  141  9:19  Terran Infantry Armor Level 1, Marine x2  
  141  9:20  SCV  
  141  9:23  Marauder  
  141  9:24  Supply Depot  
  147  9:29  Marine x4  
  147  9:30  Supply Depot  
  151  9:31  SCV  
  151  9:32  SCV x2  
  151  9:35  Marine  
  151  9:37  Marine  
  156  9:45  SCV x3, Marine  
  161  9:46  Marauder  
  161  9:47  Marine x2  
  161  9:51  Marine x2  
  166  9:53  Supply Depot, Marauder  
  166  9:55  Marine  
  166  9:57  SCV x2  
  171  10:03  Marine  
  172  10:14  Barracks Tech Lab, Marine x4  
  172  10:15  Marauder x2  
  172  10:16  Supply Depot  
  172  10:21  Supply Depot  
  180  10:37  Reaper x2, Marine x2  
  180  10:38  Marauder x2, Supply Depot  
  180  10:42  SCV, Reaper, Marine  
  191  10:43  Supply Depot  
  191  10:55  Marine x2  
  193  10:58  Marine  
  193  10:59  Marauder  
  193  11:00  Marine  
  197  11:06  Supply Depot  
  197  11:09  Marine x2  
  195  11:13  Hi-Sec Auto Tracking, Marine x2  
  195  11:14  Marine  
  195  11:16  Marine  
  195  11:18  Marine  
  193  11:20  Marine  
  194  11:27  Marine x2  
  194  11:30  Marine x2  
  194  11:32  Marine  
  199  11:34  Marine  
  199  11:48  Marine x2  
  189  12:12  Marine  
  189  12:13  Marine x4  
  189  12:14  Marauder x2, Marine  
  193  12:30  Marine x2  
  193  12:31  Marine x3  
  193  12:32  Marine  
Show
View Real Time Build Order
Export as new Build Order

IA (difficile) Terran 

Build Orders:  

Get SALT Encoding   

  12  0:00  SCV  
  13  0:13  SCV  
  14  0:19  Supply Depot  
  14  0:25  SCV  
  15  0:40  SCV  
  15  0:42  Barracks  
  16  0:49  Refinery  
  16  0:52  SCV  
  17  1:04  SCV  
  18  1:16  SCV  
  19  1:22  Supply Depot  
  19  1:29  SCV  
  19  1:30  Marine  
  21  1:41  Orbital Command, Barracks  
  21  1:48  Marine  
  21  1:50  Refinery  
  22  2:08  Marine  
  22  2:09  Supply Depot  
  23  2:27  Marine  
  23  2:28  Barracks Tech Lab  
  24  2:40  Supply Depot  
  24  2:45  Marine  
  24  2:48  Marine  
  26  3:03  Marine  
  27  3:06  Marauder  
  29  3:15  Supply Depot  
  29  3:16  SCV  
  30  3:21  Marine  
  31  3:27  Marine  
  31  3:28  SCV  
  31  3:29  Engineering Bay  
  33  3:38  Marine  
  33  3:40  SCV  
  35  3:45  Marine  
  36  3:52  SCV  
  37  3:56  Marine  
  38  4:03  Marauder  
  38  4:04  SCV  
  41  4:14  Marine  
  41  4:16  SCV  
  43  4:24  Marine  
  44  4:42  Marauder  
  46  5:04  Marauder  
  48  6:29  Barracks Tech Lab, Reaper  
  48  6:30  Terran Infantry Weapons Level 1, Stimpack  
  48  6:32  Factory  
  49  6:35  Factory  
  49  6:39  Supply Depot, Command Center  
  49  6:42  Missile Turret  
  49  6:43  Missile Turret  
  49  6:46  Combat Shield  
  51  6:47  Marauder, Barracks  
  51  7:01  Reaper  
  51  7:02  Supply Depot, Bunker  
  53  7:08  Marauder  
  53  7:15  Sensor Tower  
  53  7:19  Factory Tech Lab x2, Starport  
  53  7:23  Starport  
  53  7:33  Armory  
  53  7:38  Barracks Reactor  
  53  7:52  SCV  
  53  7:53  SCV  
  53  7:56  Missile Turret  
  55  8:01  Missile Turret  
  55  8:03  Refinery, Starport Tech Lab  
  55  8:04  SCV, Starport Tech Lab  
  55  8:05  SCV, Concussive Shells  
  57  8:06  Refinery  
  57  8:16  SCV  
  57  8:17  SCV  
  59  8:21  Raven  
  59  8:22  Raven, Bunker  
  59  8:24  Terran Infantry Armor Level 1  
  63  8:28  SCV  
  63  8:29  SCV  
  65  8:40  SCV  
  66  8:42  SCV  
  67  8:52  SCV  
  67  8:54  SCV  
  69  9:04  SCV  
  69  9:06  SCV  
  71  9:16  SCV  
  72  9:18  SCV  
  73  9:28  SCV  
  73  9:30  SCV  
  75  9:41  SCV  
  76  10:35  Medivac  
  76  10:36  Terran Infantry Weapons Level 2, Medivac, Widow Mine  
  76  10:37  Terran Vehicle Weapons Level 1  
  76  10:39  Supply Depot  
  82  10:43  Ghost Academy  
  82  10:45  Engineering Bay  
  82  10:46  Command Center  
  82  10:51  Fusion Core  
  82  10:58  Armory  
  82  11:01  Siege Tank  
  82  11:02  Supply Depot  
  85  11:05  Medivac, Widow Mine  
  85  11:06  Raven  
  91  11:25  Marine  
  88  11:26  Supply Depot  
  88  11:29  Marine  
  88  11:32  Marine  
  82  11:35  Raven  
  82  11:36  Marine  
  74  11:43  Marauder  
  74  11:47  Marine  
  68  11:49  Viking  
  68  11:51  Hellion  
  66  11:55  Hellion  
  66  11:58  Marine  
  66  11:59  SCV  
  66  12:00  SCV  
  69  12:02  Marauder, SCV  
  69  12:06  Missile Turret, Marine  
  69  12:07  Refinery  
  58  12:12  SCV, Hellion  
  58  12:14  SCV  
  58  12:16  Hellion  
  58  12:21  Marine  
  58  12:22  Missile Turret  
  42  12:24  SCV, Marine  
  28  12:35  Marine  
  22  12:42  SCV  
  22  12:44  Refinery  
Tags
 
Matchup
TvT
Race
Terran
Replay Pack
Pack 2
Spawn Locations
Cross Positions
Add a new tag
Caveats
  • Supply blocks, unpowered buildings, or Contaminate may cause inaccurate times.
  • Supply counts are checked every 10 seconds.